BLB
HARTFORD WHALERS @ PITTSBURGH MILLERS
04/19/2060
 
TOP OF THE 1ST
Hartford Whalers batting - Pitching for Pittsburgh Millers : RHP Drew Henthorne
Pitching: RHP Drew Henthorne
Batting: LHB Gene Grimes 0-0: Ball
1-0: Ball
2-0: Called Strike
2-1: Ball
3-1: Fly out, F8 (Flyball, 8RM, EV 90.6 MPH)
Batting: RHB Abel Kazaz 0-0: Reached via error on a dropped throw from 1B, E1 (Groundball, 34, EV 108.8 MPH)
Batting: SHB JaQawn Schiegl 0-0: Foul Ball, location: 2F
0-1: Ball
Abel Kazaz steals 2nd base
1-1: SINGLE (Flyball, 4D, EV 91.9 MPH)
Abel Kazaz to third
Batting: LHB Ian Schreiber 0-0: Ball
1-0: Ball
2-0: Ball
3-0: Called Strike
3-1: Foul Ball, location: 2F
3-2: Fly out, F8 (Flyball, 78M, EV 89.4 MPH)
Runner from 3rd tags up, OUT at HOME! 8-2
Top of the 1st over - 0 runs, 1 hit, 1 error, 1 left on base; Hartford 0 - Pittsburgh 0
BOTTOM OF THE 1ST
Pittsburgh Millers batting - Pitching for Hartford Whalers : LHP Jamel Thomas
Pitching: LHP Jamel Thomas
Batting: RHB Allan Jett 0-0: Called Strike
0-1: Ground out 5-3 (Groundball, 5L, EV 89.4 MPH)
Batting: RHB Dane Jennings 0-0: Ball
1-0: Fly out, F8 (Flyball, 8LD, EV 104.4 MPH)
Batting: RHB Isaac Pack 0-0: Called Strike
0-1: Ball
1-1: Ball
2-1: Ball
3-1: Ground out 1-3 (Groundball, P, EV 71.9 MPH)
Bottom of the 1st over - 0 runs, 0 hits, 0 errors, 0 left on base; Hartford 0 - Pittsburgh 0
TOP OF THE 2ND
Hartford Whalers batting - Pitching for Pittsburgh Millers : RHP Drew Henthorne
Batting: LHB Amric Robinson 0-0: Ball
1-0: Foul Ball, location: 2F
1-1: Called Strike
1-2: Strikes out swinging
Batting: RHB Wyatt McKenney 0-0: Called Strike
0-1: Ball
1-1: Foul Ball, location: 2F
1-2: Ball
2-2: Fly out, F2 (Popup, 25F, EV 85.6 MPH)
Batting: LHB Houston Yap 0-0: Called Strike
0-1: Ball
1-1: Ground out 3-1 (Groundball, 34S, EV 79.4 MPH)
Top of the 2nd over - 0 runs, 0 hits, 0 errors, 0 left on base; Hartford 0 - Pittsburgh 0
BOTTOM OF THE 2ND
Pittsburgh Millers batting - Pitching for Hartford Whalers : LHP Jamel Thomas
Batting: RHB LaMark Canete 0-0: Called Strike
0-1: Ball
1-1: Foul Ball, location: 2F
1-2: Ball
2-2: Foul Ball, location: 2F
2-2: Foul Ball, location: 2F
2-2: Ball
3-2: Fly out, F9 (Flyball, 9S, EV 77.5 MPH)
Batting: RHB Colton Coffin 0-0: Ground out 6-3 (Groundball, 6, EV 98.8 MPH)
Batting: RHB Jeremy Knowlton 0-0: Ground out U3 (Groundball, 34, EV 84.4 MPH)
Bottom of the 2nd over - 0 runs, 0 hits, 0 errors, 0 left on base; Hartford 0 - Pittsburgh 0
TOP OF THE 3RD
Hartford Whalers batting - Pitching for Pittsburgh Millers : RHP Drew Henthorne
Batting: RHB Zyaire Semijenov 0-0: Ball
1-0: Swinging Strike
1-1: Ball
2-1: Swinging Strike
2-2: Reached on error, E6 (Groundball, 6, EV 99.4 MPH)
Batting: RHB Reilly Wren 0-0: SINGLE (Groundball, 34S, EV 67.5 MPH) (infield hit)
Zyaire Semijenov to third
Batting: LHB Gene Grimes 0-0: Ball
1-0: Ball
2-0: Grounds into double play, 4-6-3 (Groundball, 4, EV 102.5 MPH)
Zyaire Semijenov scores
Batting: RHB Abel Kazaz 0-0: Called Strike
0-1: Swinging Strike
0-2: Ball
1-2: Strikes out looking
Top of the 3rd over - 1 run, 1 hit, 1 error, 0 left on base; Hartford 1 - Pittsburgh 0
BOTTOM OF THE 3RD
Pittsburgh Millers batting - Pitching for Hartford Whalers : LHP Jamel Thomas
Batting: LHB Skye Maury 0-0: Called Strike
0-1: Foul Ball, location: 2F
0-2: Foul Ball, location: 2F
0-2: Fly out, F9 (Flyball, 9D, EV 106.2 MPH)
Batting: RHB Conner Wilson 0-0: Called Strike
0-1: Swinging Strike
0-2: SINGLE (Line Drive, 6M, EV 96.2 MPH)
Batting: RHB K.J. Avery 0-0: Ball
1-0: Called Strike
Conner Wilson steals 2nd base (no throw)
1-1: Ball
2-1: Swinging Strike
2-2: Ball
3-2: Fly out, F7 (Flyball, 7LS, EV 91.9 MPH)
Batting: RHB Allan Jett 0-0: Ball
1-0: Ground out 6-3 (Groundball, 6, EV 86.2 MPH)
Bottom of the 3rd over - 0 runs, 1 hit, 0 errors, 1 left on base; Hartford 1 - Pittsburgh 0
TOP OF THE 4TH
Hartford Whalers batting - Pitching for Pittsburgh Millers : RHP Drew Henthorne
Batting: SHB JaQawn Schiegl 0-0: Ball
1-0: Ball
2-0: DOUBLE (Line Drive, 7LS, EV 111.9 MPH)
Batting: LHB Ian Schreiber 0-0: Swinging Strike
0-1: Foul Ball, location: 2F
0-2: Ground out 6-3 (Groundball, 4M, EV 101.9 MPH)
JaQawn Schiegl to third
Batting: LHB Amric Robinson 0-0: Foul Ball, location: 2F
0-1: Foul Ball, location: 2F
0-2: Ball
1-2: Ball
2-2: Strikes out swinging
Batting: RHB Wyatt McKenney 0-0: Foul Ball, location: 2F
0-1: Ball
1-1: Foul Ball, location: 2F
1-2: Fly out, F8 (Flyball, 8RM, EV 91.2 MPH)
Top of the 4th over - 0 runs, 1 hit, 0 errors, 1 left on base; Hartford 1 - Pittsburgh 0
BOTTOM OF THE 4TH
Pittsburgh Millers batting - Pitching for Hartford Whalers : LHP Jamel Thomas
Batting: RHB Dane Jennings 0-0: Ground out 6-3 (Groundball, 6, EV 98.8 MPH)
Batting: RHB Isaac Pack 0-0: Ball
1-0: Swinging Strike
1-1: Foul Ball, location: 2F
1-2: Strikes out swinging
Batting: RHB LaMark Canete 0-0: Swinging Strike
0-1: Swinging Strike
0-2: Ball
1-2: Ball
2-2: Foul Ball, location: 2F
2-2: Strikes out looking
Bottom of the 4th over - 0 runs, 0 hits, 0 errors, 0 left on base; Hartford 1 - Pittsburgh 0
TOP OF THE 5TH
Hartford Whalers batting - Pitching for Pittsburgh Millers : RHP Drew Henthorne
Batting: LHB Houston Yap 0-0: Ball
1-0: Ball
2-0: Fly out, F8 (Line Drive, 8LM, EV 95.6 MPH)
Batting: RHB Zyaire Semijenov 0-0: Ball
1-0: Ground out 6-3 (Groundball, 6, EV 104.4 MPH)
Batting: RHB Reilly Wren 0-0: Ground out 3-1 (Groundball, 34, EV 82.5 MPH)
Top of the 5th over - 0 runs, 0 hits, 0 errors, 0 left on base; Hartford 1 - Pittsburgh 0
BOTTOM OF THE 5TH
Pittsburgh Millers batting - Pitching for Hartford Whalers : LHP Jamel Thomas
Batting: RHB Colton Coffin 0-0: Ball
1-0: Ball
2-0: Ground out 1-3 (Groundball, 15S, EV 62.5 MPH)
Batting: RHB Jeremy Knowlton 0-0: Called Strike
0-1: Ground out 3-1 (Groundball, 3D, EV 85.0 MPH)
Batting: LHB Skye Maury 0-0: Ball
1-0: Ball
2-0: Foul Ball, location: 2F
2-1: Foul Ball, location: 2F
2-2: Fly out, F7 (Flyball, 7, EV 90.6 MPH)
Bottom of the 5th over - 0 runs, 0 hits, 0 errors, 0 left on base; Hartford 1 - Pittsburgh 0
TOP OF THE 6TH
Hartford Whalers batting - Pitching for Pittsburgh Millers : RHP Drew Henthorne
Batting: LHB Gene Grimes 0-0: Ball
1-0: Foul Ball, location: 2F
1-1: Called Strike
1-2: Foul Ball, location: 2F
1-2: Ball
2-2: Fly out, F7 (Line Drive, 7, EV 95.0 MPH)
Batting: RHB Abel Kazaz 0-0: Ball
1-0: Ball
2-0: Ball
3-0: Called Strike
3-1: Swinging Strike
3-2: Base on Balls
Batting: SHB JaQawn Schiegl 0-0: Ball
1-0: Called Strike
1-1: Called Strike
Abel Kazaz steals 2nd base
1-2: Ground out 4-3 (Groundball, 34D, EV 88.8 MPH)
Abel Kazaz to third
Batting: LHB Ian Schreiber 0-0: Ball
1-0: Ball
2-0: Called Strike
2-1: Foul Ball, location: 2F
2-2: SINGLE (Line Drive, 9S, EV 88.8 MPH)
Abel Kazaz scores
Batting: LHB Amric Robinson 0-0: Foul Ball, location: 2F
0-1: Fly out, F5 (Popup, 5S, EV 72.5 MPH)
Top of the 6th over - 1 run, 1 hit, 0 errors, 1 left on base; Hartford 2 - Pittsburgh 0
BOTTOM OF THE 6TH
Pittsburgh Millers batting - Pitching for Hartford Whalers : LHP Jamel Thomas
Batting: RHB Conner Wilson 0-0: Ball
1-0: Ball
2-0: Ball
3-0: Foul Ball, location: 2F
3-1: Foul Ball, location: 2F
3-2: Strikes out swinging
Batting: RHB K.J. Avery 0-0: Foul Ball, location: 2F
0-1: Foul Ball, location: 2F
0-2: Foul Ball, location: 2F
0-2: Ground out 5-3 (Groundball, 56S, EV 67.5 MPH)
Batting: RHB Allan Jett 0-0: Called Strike
0-1: Foul Ball, location: 2F
0-2: Strikes out swinging
Bottom of the 6th over - 0 runs, 0 hits, 0 errors, 0 left on base; Hartford 2 - Pittsburgh 0
TOP OF THE 7TH
Hartford Whalers batting - Pitching for Pittsburgh Millers : RHP Drew Henthorne
Batting: RHB Wyatt McKenney 0-0: Ball
1-0: Swinging Strike
1-1: Ball
2-1: Ball
3-1: Called Strike
3-2: Base on Balls
Batting: LHB Houston Yap 0-0: Ball
1-0: Foul Ball, location: 2F
1-1: Ground out 3-1 (Groundball, 34S, EV 88.1 MPH)
Wyatt McKenney to second
Batting: RHB Zyaire Semijenov 0-0: Called Strike
0-1: Ball
1-1: SINGLE (Groundball, 6MD, EV 100.6 MPH) (infield hit)
Wyatt McKenney to third
Batting: RHB Reilly Wren 0-0: Called Strike
0-1: SINGLE (Groundball, 4MS, EV 68.1 MPH) (infield hit)
Wyatt McKenney scores
Zyaire Semijenov to second
Batting: LHB Gene Grimes 0-0: Foul Ball, location: 2F
0-1: Ball
1-1: Ball
2-1: Foul Ball, location: 2F
2-2: Grounds into double play, 3-6-3 (Groundball, 34S, EV 80.6 MPH)
Top of the 7th over - 1 run, 2 hits, 0 errors, 1 left on base; Hartford 3 - Pittsburgh 0
BOTTOM OF THE 7TH
Pittsburgh Millers batting - Pitching for Hartford Whalers : LHP Jamel Thomas
Batting: RHB Dane Jennings 0-0: Hit by Pitch
Pinch Runner at 1st Byron Carlton:
Batting: RHB Isaac Pack 0-0: Foul Ball, location: 2F
0-1: Ball
1-1: Called Strike
1-2: Ball
2-2: Strikes out swinging
Batting: RHB LaMark Canete 0-0: Swinging Strike
0-1: Ball
1-1: Ball
2-1: Ball
Byron Carlton is caught stealing 2nd base 2-4
3-1: SINGLE (Groundball, 34D, EV 108.8 MPH)
Batting: RHB Colton Coffin 0-0: Swinging Strike
0-1: Ball
1-1: Swinging Strike
1-2: Strikes out looking
Bottom of the 7th over - 0 runs, 1 hit, 0 errors, 1 left on base; Hartford 3 - Pittsburgh 0
TOP OF THE 8TH
Hartford Whalers batting - Pitching for Pittsburgh Millers : RHP Drew Henthorne
Pitching: LHP Garry Fanalua
Now at 2B: Allan Jett
Now in RF: Byron Carlton
Batting: RHB Abel Kazaz 0-0: Foul Ball, location: 2F
0-1: Fly out, F6 (Line Drive, 6, EV 73.8 MPH)
Batting: SHB JaQawn Schiegl 0-0: Ball
1-0: Ball
2-0: Called Strike
2-1: Called Strike
2-2: Ball
3-2: Strikes out swinging
Batting: LHB Ian Schreiber 0-0: Foul Ball, location: 2F
0-1: Ball
1-1: Called Strike
1-2: SINGLE (Line Drive, 6MD, EV 109.4 MPH)
Batting: LHB Amric Robinson 0-0: SINGLE (Line Drive, 8RS, EV 108.8 MPH)
Ian Schreiber to second
Batting: RHB Wyatt McKenney 0-0: Foul Ball, location: 2F
0-1: Ball
1-1: Foul Ball, location: 2F
1-2: Ball
2-2: Ball
3-2: Base on Balls
Ian Schreiber to third
Amric Robinson to second
Batting: LHB Houston Yap 0-0: Fly out, F6 (Line Drive, 6, EV 71.9 MPH)
Top of the 8th over - 0 runs, 2 hits, 0 errors, 3 left on base; Hartford 3 - Pittsburgh 0
BOTTOM OF THE 8TH
Pittsburgh Millers batting - Pitching for Hartford Whalers : LHP Jamel Thomas
Batting: RHB Jeremy Knowlton 0-0: Fly out, F3 (Line Drive, 3L, EV 75.6 MPH)
Batting: LHB Skye Maury 0-0: Fly out, F8 (Flyball, 8LM, EV 81.9 MPH)
Batting: RHB Conner Wilson 0-0: Called Strike
0-1: Ground out 4-3 (Groundball, 4, EV 84.4 MPH)
Bottom of the 8th over - 0 runs, 0 hits, 0 errors, 0 left on base; Hartford 3 - Pittsburgh 0
TOP OF THE 9TH
Hartford Whalers batting - Pitching for Pittsburgh Millers : LHP Garry Fanalua
Batting: RHB Zyaire Semijenov 0-0: DOUBLE (Line Drive, 7LM, EV 106.9 MPH)
Batting: RHB Reilly Wren 0-0: Intentional Walk
Batting: LHB Gene Grimes 0-0: Called Strike
0-1: Ball
1-1: Swinging Strike
1-2: Strikes out swinging
Batting: RHB Abel Kazaz 0-0: Ball
1-0: Ball
2-0: Ball
3-0: Foul Ball, location: 2F
3-1: Base on Balls
Zyaire Semijenov to third
Reilly Wren to second
Batting: SHB JaQawn Schiegl 0-0: Called Strike
0-1: Fly out, F8 (Flyball, 8RS, EV 85.6 MPH)
Batting: LHB Ian Schreiber 0-0: Ball
1-0: Ball
2-0: Foul Ball, location: 2F
2-1: Swinging Strike
2-2: Ball
3-2: Base on Balls
Zyaire Semijenov scores
Reilly Wren to third
Abel Kazaz to second
Batting: LHB Amric Robinson 0-0: Foul Ball, location: 2F
0-1: Called Strike
0-2: Ball
1-2: Ball
2-2: Strikes out looking
Top of the 9th over - 1 run, 1 hit, 0 errors, 3 left on base; Hartford 4 - Pittsburgh 0
BOTTOM OF THE 9TH
Pittsburgh Millers batting - Pitching for Hartford Whalers : LHP Jamel Thomas
Now at 2B: Reilly Wren
Now at 3B: Tyrone Smith
Batting: RHB K.J. Avery 0-0: Swinging Strike
0-1: Ball
1-1: Ball
2-1: Ball
3-1: Swinging Strike
3-2: Foul Ball, location: 2F
3-2: Base on Balls
Batting: RHB Allan Jett 0-0: Called Strike
0-1: Called Strike
0-2: Ball
1-2: Ball
2-2: Foul Ball, location: 2F
2-2: Fielders Choice at 2nd, 6-4 (Groundball, 6, EV 80.6 MPH)
Pitching: RHP Miles Valdez
Batting: LHB Byron Carlton 0-0: Swinging Strike
0-1: SINGLE (Groundball, 4D, EV 113.1 MPH)
Allan Jett to second
Pitching: RHP Jamal Brown
Batting: RHB Isaac Pack 0-0: Swinging Strike
0-1: Ball
1-1: Ball
2-1: Fly out, F9 (Flyball, 9S, EV 75.0 MPH)
Batting: RHB LaMark Canete 0-0: Fly out, F8 (Flyball, 89M, EV 74.4 MPH)
Bottom of the 9th over - 0 runs, 1 hit, 0 errors, 2 left on base; Hartford 4 - Pittsburgh 0
Monday, April 29th , 2024 - OOTP Baseball 23.10 Build 110